Oilers vs Predators

Created - Sunday, October 11, 2015 at 02:50

Goals
1 2 3 T
Oilers 0 1 2 3
Predators 2 1 1 4
Shots
1 2 3 T
Oilers 9 5 15 29
Predators 18 10 2 30

1st period

1. Predators , Evander Kane 1 (Trevor Daley) at 8:15 (PP)
2. Predators , Valtteri Filppula 1 (Trevor Daley, Patrice Bergeron) at 8:49 (PP)

Penalties :
Tomas Hertl (Nsh) for High sticking (Minor) at 1:13, Andrew Ladd (Edm) for High sticking (Minor) at 3:20, Ryan Stanton (Edm) for Holding (Minor) at 7:21, Andrew MacDonald (Edm) for Hooking (Minor) at 8:28, Ryan McDonagh (Edm) for Hooking (Minor) at 15:35

2nd period

3. Oilers , Nick Bonino 1 (Brayden Schenn, David Desharnais) at 4:25 (PP)
4. Predators , Tomas Hertl 1 (Dan Boyle, Dylan Olsen) at 6:36

Penalties :
Andrew Cogliano (Nsh) for Interference (Minor) at 1:31, Cal Clutterbuck (Nsh) for Holding (Minor) at 4:15, Ryan Stanton (Edm) for Hooking (Minor) at 9:13, Trevor Daley (Nsh) for Roughing (Minor) at 12:23, Tomas Plekanec (Nsh) for Tripping (Minor) at 19:09

3rd period

5. Predators , Radim Vrbata 2 (Valtteri Filppula, Patrice Bergeron) at 3:24 (PP)
6. Oilers , Nicklas Backstrom 1 (Andrew Ladd) at 14:04 (PP)
7. Oilers , Henrik Zetterberg 1 (Nicklas Backstrom, Andrew Ladd) at 19:12 (PP)

Penalties :
Brayden McNabb (Edm) for Tripping (Minor) at 2:40, Dan Boyle (Nsh) for Boarding (Minor) at 4:02, Jason Demers (Edm) for Hooking (Minor) at 4:42, Brayden McNabb (Edm) for Slashing (Minor) at 8:03, Evander Kane (Nsh) for Slashing (Minor) at 12:43, Tomas Hertl (Nsh) for Interference (Minor) at 18:06

Goalie Stats

Jaroslav Halak (Edm), 26 saves from 30 shots - (0.867), L, 0-2-0, 59:22 minutes
Jimmy Howard (Nsh), 26 saves from 29 shots - (0.897), W, 1-1-0, 60:00 minutes

Players Stats for Oilers

Player Name              G  A  P  +/- PIM S  H  SB GA TA FO     MP     PP MP  PK MP  
------------------------------------------------------------------------------------
Andrew Ladd              0  2  2  -1  2   2  3  0  0  0  1/1    21:51   6:11   3:44 
Andrew MacDonald         0  0  0   0  2   0  0  2  0  1  0/0    16:42   0:00   3:00 
Brayden McNabb           0  0  0   0  4   0  1  1  0  1  0/0    11:24   0:00   0:00 
Brayden Schenn           0  1  1   0  0   5  4  0  1  0  0/0    14:16   5:02   0:00 
Darren Helm              0  0  0   0  0   2  2  0  4  3  1/1    21:10   4:47   6:22 
David Desharnais         0  1  1   0  0   0  0  2  1  0  5/13   14:35   5:02   0:09 
Henrik Zetterberg        1  0  1   0  0   7  0  0  3  0  4/8    17:02   6:11   0:00 
Jamie McGinn             0  0  0   0  0   1  1  0  3  0  0/0     7:09   0:00   0:00 
Jannik Hansen            0  0  0   0  0   2  0  0  0  0  0/0     8:30   0:00   0:00 
Jason Demers             0  0  0   0  2   1  0  1  0  1  0/0    18:20   4:46   0:25 
Lars Eller               0  0  0   0  0   0  0  0  1  1  3/9    13:02   0:00   5:19 
Nick Bonino              1  0  1   0  0   2  0  0  0  0  3/5    19:03   5:02   4:31 
Nicklas Backstrom        1  1  2  -1  0   1  3  0  0  1  11/16  17:30   6:11   0:11 
Niklas Hjalmarsson       0  0  0  -1  0   1  1  0  1  2  0/0    19:25   0:00   7:37 
Patrick Marleau          0  0  0  -1  0   3  0  0  1  0  0/0    18:30   6:26   0:54 
Ryan McDonagh            0  0  0  -1  2   1  1  0  0  6  0/0    26:25   6:26   5:48 
Ryan Stanton             0  0  0   0  4   0  0  0  0  1  0/0    15:55   0:00   4:20 
Trevor Lewis             0  0  0   0  0   1  0  0  0  0  0/0     7:09   0:00   0:00 

Players Stats for Predators

Player Name              G  A  P  +/- PIM S  H  SB GA TA FO     MP     PP MP  PK MP  
------------------------------------------------------------------------------------
Andrew Cogliano          0  0  0   1  2   0  1  0  3  0  1/1    11:45   0:00   2:27 
Ben Smith                0  0  0   0  0   0  3  0  0  2  2/2     8:56   0:00   0:00 
Cal Clutterbuck          0  0  0   0  2   0  1  0  1  1  0/0     8:55   0:00   0:00 
Cody Eakin               0  0  0   1  0   2  1  0  2  1  2/5    17:50   0:19   8:44 
Dan Boyle                0  1  1   1  2   1  0  0  0  0  0/0    16:50   4:18   0:00 
Dennis Seidenberg        0  0  0   0  0   1  5  5  1  2  0/0    23:18   4:38   7:15 
Dylan Olsen              0  1  1   1  0   1  1  1  0  1  0/0    12:39   0:00   0:45 
Eric Fehr                0  0  0   0  0   0  3  0  0  0  0/1    14:49   4:06   0:00 
Evander Kane             1  0  1   0  2   3  1  0  5  0  1/3    15:41   4:06   2:39 
Nick Schultz             0  0  0   0  0   0  0  2  0  3  0/0    17:52   0:39   7:15 
Patrice Bergeron         0  2  2   0  0   5  2  0  3  0  10/25  19:38   6:10   1:43 
Patrick Maroon           0  0  0   0  0   4  5  0  0  0  0/0     8:56   0:00   0:00 
Radim Vrbata             1  0  1   0  0   2  0  0  2  0  0/0    13:52   6:10   0:00 
Roman Josi               0  0  0   0  0   3  0  1  1  0  0/0    25:36   5:57   3:58 
Tomas Hertl              1  0  1   1  4   2  0  0  4  0  0/0     8:29   0:00   0:22 
Tomas Plekanec           0  0  0   0  2   2  2  0  0  0  9/16   20:04   4:25   6:31 
Trevor Daley             0  2  2   0  2   1  1  0  0  1  0/0    24:23   5:57   3:13 
Valtteri Filppula        1  1  2   0  0   3  1  0  2  1  0/0    17:47   6:10   0:00 

3 Stars

1 - Nicklas Backstrom (Edm)
2 - Valtteri Filppula (Nsh)
3 - Patrice Bergeron (Nsh)

Power Play

Oilers - 3 on 8 Attempt(s) - 37.50%
Predators - 3 on 8 Attempt(s) - 37.50%

Penalty Kill

Oilers - 5 on 8 Attempt(s) - 62.50% - Score 0 goal in Penalty Kill
Predators - 5 on 8 Attempt(s) - 62.50% - Score 0 goal in Penalty Kill

Team Stat

Oilers - Hits : 16 - Faceoff Wins : 28 - Blocked Shots : 6 - Penalty Minutes : 16
Predators - Hits : 27 - Faceoff Wins : 25 - Blocked Shots : 9 - Penalty Minutes : 16

Official

Referees : Unknown
Linesman : Unknown

Game Notes

No Game Note

Finance

Level 1 -- Attendance: 5731 (95.52%) -- Ticket Income $504,328
Level 2 -- Attendance: 4501 (90.02%) -- Ticket Income $243,054
Level 3 -- Attendance: 1672 (83.60%) -- Ticket Income $55,176
Level 4 -- Attendance: 3157 (78.93%) -- Ticket Income $63,140
Luxury Box -- Attendance: 740 (74.00%) -- Ticket Income $140,600
Game was played at the Gaylord Entertainment Center.
Total Attendance: 15801 (87.78%)
Total Ticket Income: $1,006,298
Other Income: $493,086
Total Income: $1,499,384

Oilers

5 vs 5 Forward 
   Center                   Left Wing                Right Wing               Time % Phy DF OF 
 1 Nicklas Backstrom        Andrew Ladd              Patrick Marleau          33     1   1  3  
 2 Henrik Zetterberg        Nick Bonino              Brayden Schenn           33     1   1  3  
 3 David Desharnais         Darren Helm              Jannik Hansen            30     1   2  2  
 4 Lars Eller               Trevor Lewis             Jamie McGinn             4      1   2  2  

5 vs 5 Defense 
   Defense                  Defense                                           Time % Phy DF OF 
 1 Ryan McDonagh            Niklas Hjalmarsson                                35     1   4  0  
 2 Jason Demers             Andrew MacDonald                                  35     1   4  0  
 3 Brayden McNabb           Ryan Stanton                                      30     1   4  0  
 4 Ryan McDonagh            Niklas Hjalmarsson                                0      1   4  0  

PowerPlay Forward 
   Center                   Left Wing                Right Wing               Time % Phy DF OF 
 1 Nicklas Backstrom        Andrew Ladd              Henrik Zetterberg        60     1   0  4  
 2 David Desharnais         Nick Bonino              Brayden Schenn           40     1   0  4  

PowerPlay Defense
   Defense                  Defense                                           Time % Phy DF OF 
 1 Ryan McDonagh            Patrick Marleau                                   60     1   2  2  
 2 Jason Demers             Darren Helm                                       40     1   2  2  

Penalty Kill 4 Players Forward 
   Center                   Wing                     Time % Phy DF OF 
 1 Lars Eller               Darren Helm              50     1   4  0  
 2 Nick Bonino              Andrew Ladd              50     1   4  0  

Penalty Kill 4 Players Defense
   Defense                  Defense                  Time % Phy DF OF 
 1 Ryan McDonagh            Niklas Hjalmarsson       60     1   4  0  
 2 Ryan Stanton             Andrew MacDonald         40     1   4  0  

Penalty Kill - 3 Players Forward 
   Forward                                           Time % Phy DF OF 
 1 Nick Bonino                                       60     1   4  0  
 2 Lars Eller                                        40     1   4  0  

Penalty Kill - 3 Players Defense
   Defense                  Defense                  Time % Phy DF OF 
 1 Ryan McDonagh            Niklas Hjalmarsson       60     1   4  0  
 2 Ryan Stanton             Andrew MacDonald         40     1   4  0  

4 vs 4 Forward 
   Center                   Wing                     Time % Phy DF OF 
 1 Nicklas Backstrom        Andrew Ladd              60     1   0  4  
 2 Henrik Zetterberg        Patrick Marleau          40     1   0  4  

4 vs 4 Defense
   Defense                  Defense                  Time % Phy DF OF 
 1 Ryan McDonagh            Niklas Hjalmarsson       60     1   4  0  
 2 Jason Demers             Andrew MacDonald         40     1   4  0  

Last Minutes Offensive
   Center                   Left Wing                Right Wing               Defense                  Defense                  
   Nicklas Backstrom        Andrew Ladd              Henrik Zetterberg        Ryan McDonagh            Patrick Marleau          

Last Minutes Defensive
   Center                   Left Wing                Right Wing               Defense                  Defense                  
   Nick Bonino              Andrew Ladd              Darren Helm              Ryan McDonagh            Niklas Hjalmarsson       

Goaltenders
Starting : Jaroslav Halak           
Backup : Jeremy Smith             

Extra Forwards
Normal : Henrik Zetterberg, Darren Helm, David Desharnais - PP : Brayden Schenn, Patrick Marleau - PK : Patrick Marleau
Extra Defensemen
Normal : Brayden McNabb, Ryan Stanton, Jason Demers - PP : Brayden McNabb - PK : Ryan Stanton, Jason Demers
Penalty Shots
David Desharnais, Andrew Ladd, Darren Helm, Nick Bonino, Nicklas Backstrom

Predators

5 vs 5 Forward 
   Center                   Left Wing                Right Wing               Time % Phy DF OF 
 1 Patrice Bergeron         Valtteri Filppula        Eric Fehr                33     0   2  3  
 2 Cody Eakin               Andrew Cogliano          Tomas Hertl              27     0   3  2  
 3 Tomas Plekanec           Evander Kane             Radim Vrbata             27     0   1  4  
 4 Ben Smith                Patrick Maroon           Cal Clutterbuck          13     2   3  0  

5 vs 5 Defense 
   Defense                  Defense                                           Time % Phy DF OF 
 1 Dennis Seidenberg        Roman Josi                                        30     0   4  1  
 2 Trevor Daley             Nick Schultz                                      30     0   5  0  
 3 Dan Boyle                Dylan Olsen                                       25     0   5  0  
 4 Roman Josi               Trevor Daley                                      15     0   4  1  

PowerPlay Forward 
   Center                   Left Wing                Right Wing               Time % Phy DF OF 
 1 Patrice Bergeron         Valtteri Filppula        Radim Vrbata             60     0   0  5  
 2 Tomas Plekanec           Evander Kane             Eric Fehr                40     0   1  4  

PowerPlay Defense
   Defense                  Defense                                           Time % Phy DF OF 
 1 Trevor Daley             Roman Josi                                        70     0   1  4  
 2 Dennis Seidenberg        Dan Boyle                                         30     0   2  3  

Penalty Kill 4 Players Forward 
   Center                   Wing                     Time % Phy DF OF 
 1 Tomas Plekanec           Cody Eakin               60     1   4  0  
 2 Patrice Bergeron         Andrew Cogliano          40     1   4  0  

Penalty Kill 4 Players Defense
   Defense                  Defense                  Time % Phy DF OF 
 1 Nick Schultz             Dennis Seidenberg        60     0   5  0  
 2 Trevor Daley             Roman Josi               40     0   5  0  

Penalty Kill - 3 Players Forward 
   Forward                                           Time % Phy DF OF 
 1 Cody Eakin                                        60     0   5  0  
 2 Cal Clutterbuck                                   40     0   5  0  

Penalty Kill - 3 Players Defense
   Defense                  Defense                  Time % Phy DF OF 
 1 Nick Schultz             Dennis Seidenberg        50     0   5  0  
 2 Trevor Daley             Dylan Olsen              50     0   5  0  

4 vs 4 Forward 
   Center                   Wing                     Time % Phy DF OF 
 1 Patrice Bergeron         Valtteri Filppula        50     0   3  2  
 2 Tomas Plekanec           Cody Eakin               50     0   3  2  

4 vs 4 Defense
   Defense                  Defense                  Time % Phy DF OF 
 1 Roman Josi               Trevor Daley             60     0   4  1  
 2 Dan Boyle                Dennis Seidenberg        40     0   4  1  

Last Minutes Offensive
   Center                   Left Wing                Right Wing               Defense                  Defense                  
   Patrice Bergeron         Valtteri Filppula        Radim Vrbata             Roman Josi               Trevor Daley             

Last Minutes Defensive
   Center                   Left Wing                Right Wing               Defense                  Defense                  
   Tomas Plekanec           Evander Kane             Andrew Cogliano          Roman Josi               Dennis Seidenberg        

Goaltenders
Starting : Jimmy Howard             
Backup : Kari Lehtonen            

Extra Forwards
Normal : Patrice Bergeron, Tomas Plekanec, Cody Eakin - PP : Tomas Hertl, Patrick Maroon - PK : Evander Kane
Extra Defensemen
Normal : Roman Josi, Trevor Daley, Dennis Seidenberg - PP : Dan Boyle - PK : Nick Schultz, Dylan Olsen
Penalty Shots
Patrice Bergeron, Radim Vrbata, Eric Fehr, Roman Josi, Trevor Daley

% Time on Ice - Oilers

Lines # - Real PCT - Wanted PCT - Time Play
Normal Forward
1 - 29% - 33% - 10:24
2 - 28% - 33% - 10:03
3 - 24% - 30% - 8:30
4 - 20% - 4% - 7:09
Normal Defense
1 - 34% - 35% - 12:06
2 - 36% - 35% - 13:04
3 - 30% - 30% - 10:56
4 - 0% - 0% - 0:00
PP Forward
1 - 55% - 60% - 6:11
2 - 45% - 40% - 5:02
PP Defense
1 - 57% - 60% - 6:26
2 - 43% - 40% - 4:47
PK Forward
1 - 56% - 50% - 5:55
2 - 44% - 50% - 4:40
PK Defense
1 - 74% - 60% - 7:47
2 - 26% - 40% - 2:48
PK3 Forward
1 - 0% - 60%
2 - 0% - 40%
PK3 Defense
1 - 0% - 60%
2 - 0% - 40%
44 Forward
1 - 100% - 60% - 1:19
2 - 0% - 40% - 0:00
44 Defense
1 - 100% - 60% - 1:19
2 - 0% - 40% - 0:00
Last Minute Offensive  - 0:47
Last Minute Defensive  - 0:00
Total
Forward - 60:00
Defense - 60:00

% Time on Ice - Predators

Lines # - Real PCT - Wanted PCT - Time Play
Normal Forward
1 - 32% - 33% - 11:25
2 - 24% - 27% - 8:34
3 - 20% - 27% - 7:11
4 - 25% - 13% - 8:56
Normal Defense
1 - 28% - 30% - 10:06
2 - 31% - 30% - 11:15
3 - 32% - 25% - 11:33
4 - 9% - 15% - 3:12
PP Forward
1 - 58% - 60% - 6:10
2 - 42% - 40% - 4:25
PP Defense
1 - 56% - 70% - 5:57
2 - 44% - 30% - 4:38
PK Forward
1 - 85% - 60% - 9:30
2 - 15% - 40% - 1:43
PK Defense
1 - 65% - 60% - 7:15
2 - 35% - 40% - 3:58
PK3 Forward
1 - 0% - 60%
2 - 0% - 40%
PK3 Defense
1 - 0% - 50%
2 - 0% - 50%
44 Forward
1 - 61% - 50% - 0:48
2 - 39% - 50% - 0:31
44 Defense
1 - 72% - 60% - 0:57
2 - 28% - 40% - 0:22
Last Minute Offensive  - 0:00
Last Minute Defensive  - 0:47
Total
Forward - 60:00
Defense - 60:00

Play by Play

1st period


0:01 of 1st period - Nicklas Backstrom wins face-off versus Patrice Bergeron in neutral zone.
0:04 of 1st period - Eric Fehr is hit by Andrew Ladd and loses puck.
0:53 of 1st period - Niklas Hjalmarsson is hit by Dennis Seidenberg and loses puck.
1:00 of 1st period - Backhand shot by Nick Bonino.
1:00 of 1st period - Shot Misses the Net.
1:13 of 1st period - Minor Penalty to Tomas Hertl for High sticking.
1:14 of 1st period - Nicklas Backstrom wins face-off versus Tomas Plekanec in Predators zone.
1:32 of 1st period - Slapshot by Henrik Zetterberg.
1:32 of 1st period - Stopped by Jimmy Howard with a rebound.
1:34 of 1st period - Snap shot by Henrik Zetterberg.
1:34 of 1st period - Stopped by Jimmy Howard with a rebound.
2:05 of 1st period - Tomas Plekanec is hit by Brayden Schenn.
2:09 of 1st period - Nick Bonino is hit by Dennis Seidenberg and loses puck.
2:54 of 1st period - Andrew Ladd is hit by Tomas Plekanec and loses puck.
3:12 of 1st period - Trevor Daley is hit by Nicklas Backstrom and loses puck.
3:13 of 1st period - Penalty to Tomas Hertl is over, Tomas Hertl is back on ice.
3:20 of 1st period - Minor Penalty to Andrew Ladd for High sticking.
3:21 of 1st period - Patrice Bergeron wins face-off versus Lars Eller in Oilers zone.
3:22 of 1st period - Snap shot by Valtteri Filppula.
3:22 of 1st period - Stopped by Jaroslav Halak with a rebound.
3:44 of 1st period - Slapshot by Patrice Bergeron.
3:44 of 1st period - Stopped by Jaroslav Halak with a rebound.
3:56 of 1st period - Andrew MacDonald is hit by Dennis Seidenberg.
4:38 of 1st period - Nick Bonino is hit by Valtteri Filppula and loses puck.
5:20 of 1st period - Penalty to Andrew Ladd is over, Andrew Ladd is back on ice.
5:40 of 1st period - Ryan McDonagh is hit by Ben Smith and loses puck.
6:23 of 1st period - Snap shot by Jamie McGinn.
6:23 of 1st period - Stopped by Jimmy Howard with a rebound.
7:21 of 1st period - Minor Penalty to Ryan Stanton for Holding.
7:22 of 1st period - Lars Eller wins face-off versus Patrice Bergeron in Oilers zone.
8:15 of 1st period - Slapshot by Evander Kane.
8:15 of 1st period - Goal by Evander Kane - Oilers : 0 - Predators : 1.
8:16 of 1st period - David Desharnais wins face-off versus Cody Eakin in neutral zone.
8:19 of 1st period - Snap shot by Jannik Hansen.
8:19 of 1st period - Stopped by Jimmy Howard without a rebound.
8:20 of 1st period - Cody Eakin wins face-off versus David Desharnais in Predators zone.
8:28 of 1st period - Minor Penalty to Andrew MacDonald for Hooking.
8:29 of 1st period - Patrice Bergeron wins face-off versus Nick Bonino in Oilers zone.
8:33 of 1st period - Wrist shot by Patrice Bergeron.
8:33 of 1st period - Stopped by Jaroslav Halak without a rebound.
8:34 of 1st period - Nick Bonino wins face-off versus Patrice Bergeron in Oilers zone.
8:45 of 1st period - Snap shot by Patrice Bergeron.
8:45 of 1st period - Stopped by Jaroslav Halak with a rebound.
8:47 of 1st period - Backhand shot by Trevor Daley.
8:47 of 1st period - Stopped by Jaroslav Halak with a rebound.
8:49 of 1st period - Slapshot by Valtteri Filppula.
8:49 of 1st period - Goal by Valtteri Filppula - Oilers : 0 - Predators : 2.
8:50 of 1st period - Tomas Plekanec wins face-off versus David Desharnais in neutral zone.
9:11 of 1st period - Snap shot by Jannik Hansen.
9:11 of 1st period - Stopped by Jimmy Howard with a rebound.
9:23 of 1st period - Wrist shot by Radim Vrbata.
9:23 of 1st period - Stopped by Jaroslav Halak with a rebound.
9:25 of 1st period - Slapshot by Trevor Daley.
9:25 of 1st period - Shot Blocked by David Desharnais.
9:27 of 1st period - Wrist shot by Evander Kane.
9:27 of 1st period - Stopped by Jaroslav Halak without a rebound.
9:28 of 1st period - Nicklas Backstrom wins face-off versus Patrice Bergeron in Oilers zone.
9:52 of 1st period - Snap shot by Patrick Marleau.
9:52 of 1st period - Stopped by Jimmy Howard with a rebound.
11:13 of 1st period - Snap shot by Evander Kane.
11:13 of 1st period - Stopped by Jaroslav Halak with a rebound.
11:36 of 1st period - Slapshot by Patrick Maroon.
11:36 of 1st period - Stopped by Jaroslav Halak with a rebound.
11:42 of 1st period - Slapshot by Patrick Maroon.
11:42 of 1st period - Stopped by Jaroslav Halak without a rebound.
11:43 of 1st period - Ben Smith wins face-off versus David Desharnais in Oilers zone.
11:50 of 1st period - Snap shot by Jannik Hansen.
11:50 of 1st period - Shot Hit the Post.
12:10 of 1st period - Snap shot by Patrick Maroon.
12:10 of 1st period - Stopped by Jaroslav Halak with a rebound.
12:12 of 1st period - Backhand shot by Roman Josi.
12:12 of 1st period - Stopped by Jaroslav Halak without a rebound.
12:13 of 1st period - Patrice Bergeron wins face-off versus Henrik Zetterberg in Oilers zone.
13:13 of 1st period - Lars Eller is hit by Evander Kane and loses puck.
13:38 of 1st period - Slapshot by Evander Kane.
13:38 of 1st period - Shot Misses the Net.
13:56 of 1st period - Snap shot by Andrew Cogliano.
13:56 of 1st period - Shot Misses the Net.
13:58 of 1st period - Slapshot by Dennis Seidenberg.
13:58 of 1st period - Shot Blocked by Andrew MacDonald.
14:00 of 1st period - Wrist shot by Roman Josi.
14:00 of 1st period - Shot Misses the Net.
15:20 of 1st period - Snap shot by Valtteri Filppula.
15:20 of 1st period - Shot Misses the Net.
15:22 of 1st period - Wrist shot by Eric Fehr.
15:22 of 1st period - Deflect By Valtteri Filppula.
15:22 of 1st period - Shot Hit the Post.
15:22 of 1st period - Puck is out of play.
15:23 of 1st period - Patrice Bergeron wins face-off versus Henrik Zetterberg in Oilers zone.
15:30 of 1st period - Wrist shot by Patrice Bergeron.
15:30 of 1st period - Stopped by Jaroslav Halak without a rebound.
15:31 of 1st period - Patrice Bergeron wins face-off versus Henrik Zetterberg in Oilers zone.
15:35 of 1st period - Minor Penalty to Ryan McDonagh for Hooking.
15:36 of 1st period - Patrice Bergeron wins face-off versus Nick Bonino in Oilers zone.
16:15 of 1st period - Slapshot by Darren Helm.
16:15 of 1st period - Shot Misses the Net.
17:21 of 1st period - Niklas Hjalmarsson is hit by Patrice Bergeron and loses puck.
17:32 of 1st period - Darren Helm is hit by Dennis Seidenberg.
17:35 of 1st period - Penalty to Ryan McDonagh is over, Ryan McDonagh is back on ice.
18:29 of 1st period - Ryan Stanton is hit by Patrick Maroon and loses puck.
18:46 of 1st period - Slapshot by Roman Josi.
18:46 of 1st period - Shot Misses the Net.
18:48 of 1st period - Slapshot by Dennis Seidenberg.
18:48 of 1st period - Stopped by Jaroslav Halak with a rebound.
18:50 of 1st period - Slapshot by Roman Josi.
18:50 of 1st period - Stopped by Jaroslav Halak with a rebound.
18:52 of 1st period - Backhand shot by Roman Josi.
18:52 of 1st period - Deflect By Patrick Maroon.
18:52 of 1st period - Stopped by Jaroslav Halak with a rebound.
19:07 of 1st period - Icing by Nick Bonino.
19:08 of 1st period - Henrik Zetterberg wins face-off versus Tomas Plekanec in Oilers zone.
19:21 of 1st period - Slapshot by Andrew Ladd.
19:21 of 1st period - Stopped by Jimmy Howard with a rebound.
19:23 of 1st period - Snap shot by Andrew Ladd.
19:23 of 1st period - Stopped by Jimmy Howard with a rebound.
19:33 of 1st period - Slapshot by Patrick Marleau.
19:33 of 1st period - Stopped by Jimmy Howard with a rebound.
Goals for this period are 0 for Oilers vs 2 for Predators.
Shots for this period are 9 for Oilers vs 18 for Predators.

2nd period


0:01 of 2nd period - David Desharnais wins face-off versus Patrice Bergeron in neutral zone.
1:31 of 2nd period - Minor Penalty to Andrew Cogliano for Interference.
1:32 of 2nd period - Tomas Plekanec wins face-off versus Nicklas Backstrom in Predators zone.
2:14 of 2nd period - Tomas Plekanec is hit by Brayden Schenn and loses puck.
2:29 of 2nd period - Slapshot by Roman Josi.
2:29 of 2nd period - Shot Blocked by David Desharnais.
2:31 of 2nd period - Snap shot by Tomas Plekanec.
2:31 of 2nd period - Stopped by Jaroslav Halak with a rebound.
2:33 of 2nd period - Wrist shot by Cody Eakin.
2:33 of 2nd period - Shot Blocked by Jason Demers.
3:31 of 2nd period - Penalty to Andrew Cogliano is over, Andrew Cogliano is back on ice.
4:15 of 2nd period - Minor Penalty to Cal Clutterbuck for Holding.
4:16 of 2nd period - David Desharnais wins face-off versus Tomas Plekanec in Predators zone.
4:25 of 2nd period - Backhand shot by Nick Bonino.
4:25 of 2nd period - Goal by Nick Bonino - Oilers : 1 - Predators : 2.
4:26 of 2nd period - Patrice Bergeron wins face-off versus David Desharnais in neutral zone.
4:41 of 2nd period - Snap shot by Valtteri Filppula.
4:41 of 2nd period - Shot Misses the Net.
6:22 of 2nd period - Snap shot by Tomas Hertl.
6:22 of 2nd period - Deflect By Cody Eakin.
6:22 of 2nd period - Stopped by Jaroslav Halak without a rebound.
6:23 of 2nd period - Andrew Cogliano wins face-off versus Nicklas Backstrom in Oilers zone.
6:30 of 2nd period - Wrist shot by Tomas Hertl.
6:30 of 2nd period - Stopped by Jaroslav Halak with a rebound.
6:32 of 2nd period - Wrist shot by Dylan Olsen.
6:32 of 2nd period - Stopped by Jaroslav Halak with a rebound.
6:34 of 2nd period - Slapshot by Dan Boyle.
6:34 of 2nd period - Shot Misses the Net.
6:36 of 2nd period - Snap shot by Tomas Hertl.
6:36 of 2nd period - Goal by Tomas Hertl - Oilers : 1 - Predators : 3.
6:37 of 2nd period - Nicklas Backstrom wins face-off versus Patrice Bergeron in neutral zone.
6:42 of 2nd period - Snap shot by Nicklas Backstrom.
6:42 of 2nd period - Shot Blocked by Roman Josi.
6:57 of 2nd period - Wrist shot by Patrick Marleau.
6:57 of 2nd period - Shot Misses the Net.
7:11 of 2nd period - Wrist shot by Valtteri Filppula.
7:11 of 2nd period - Deflect By Patrice Bergeron.
7:11 of 2nd period - Shot Misses the Net.
7:11 of 2nd period - Puck is out of play.
7:12 of 2nd period - Henrik Zetterberg wins face-off versus Tomas Plekanec in Oilers zone.
7:12 of 2nd period - Henrik Zetterberg is hit by Tomas Plekanec.
7:44 of 2nd period - Wrist shot by Evander Kane.
7:44 of 2nd period - Shot Misses the Net.
8:06 of 2nd period - Jason Demers is hit by Trevor Daley.
8:48 of 2nd period - Snap shot by Nicklas Backstrom.
8:48 of 2nd period - Shot Misses the Net.
8:50 of 2nd period - Wrist shot by Niklas Hjalmarsson.
8:50 of 2nd period - Deflect By Patrice Bergeron.
8:50 of 2nd period - Stopped by Jimmy Howard without a rebound.
8:51 of 2nd period - Nicklas Backstrom wins face-off versus Patrice Bergeron in Predators zone.
8:52 of 2nd period - Snap shot by Patrick Marleau.
8:52 of 2nd period - Shot Blocked by Dennis Seidenberg.
9:08 of 2nd period - Snap shot by Patrice Bergeron.
9:08 of 2nd period - Stopped by Jaroslav Halak without a rebound.
9:09 of 2nd period - Tomas Plekanec wins face-off versus Lars Eller in Oilers zone.
9:13 of 2nd period - Minor Penalty to Ryan Stanton for Hooking.
9:14 of 2nd period - Lars Eller wins face-off versus Patrice Bergeron in Oilers zone.
9:17 of 2nd period - Off-side.
9:18 of 2nd period - Patrice Bergeron wins face-off versus Lars Eller in neutral zone.
9:21 of 2nd period - Ryan McDonagh is hit by Patrice Bergeron.
9:31 of 2nd period - Snap shot by Darren Helm.
9:31 of 2nd period - Stopped by Jimmy Howard with a rebound.
10:11 of 2nd period - Niklas Hjalmarsson is hit by Eric Fehr and loses puck.
10:49 of 2nd period - Patrice Bergeron is hit by Darren Helm and loses puck.
11:13 of 2nd period - Penalty to Ryan Stanton is over, Ryan Stanton is back on ice.
11:15 of 2nd period - Snap shot by Tomas Plekanec.
11:15 of 2nd period - Stopped by Jaroslav Halak with a rebound.
11:17 of 2nd period - Slapshot by Dan Boyle.
11:17 of 2nd period - Stopped by Jaroslav Halak with a rebound.
12:03 of 2nd period - Wrist shot by Brayden Schenn.
12:03 of 2nd period - Shot Blocked by Nick Schultz.
12:05 of 2nd period - Slapshot by Andrew MacDonald.
12:05 of 2nd period - Shot Misses the Net.
12:07 of 2nd period - Snap shot by Nick Bonino.
12:07 of 2nd period - Shot Misses the Net.
12:23 of 2nd period - Minor Penalty to Trevor Daley for Roughing.
12:24 of 2nd period - Nicklas Backstrom wins face-off versus Cody Eakin in Predators zone.
12:39 of 2nd period - Wrist shot by Nicklas Backstrom.
12:39 of 2nd period - Deflect By Henrik Zetterberg.
12:39 of 2nd period - Shot Misses the Net.
12:39 of 2nd period - Puck is out of play.
12:40 of 2nd period - Nicklas Backstrom wins face-off versus Tomas Plekanec in Predators zone.
13:15 of 2nd period - Cody Eakin is hit by Ryan McDonagh and loses puck.
13:44 of 2nd period - Patrice Bergeron is hit by Nicklas Backstrom and loses puck.
14:09 of 2nd period - Andrew Cogliano is hit by Brayden Schenn and loses puck.
14:23 of 2nd period - Penalty to Trevor Daley is over, Trevor Daley is back on ice.
15:07 of 2nd period - Trevor Lewis is hit by Dylan Olsen and loses puck.
15:58 of 2nd period - Andrew MacDonald is hit by Cal Clutterbuck and loses puck.
16:11 of 2nd period - Dan Boyle is hit by Andrew Ladd and loses puck.
16:32 of 2nd period - Wrist shot by Brayden Schenn.
16:32 of 2nd period - Stopped by Jimmy Howard with a rebound.
16:44 of 2nd period - Dennis Seidenberg is hit by Jamie McGinn and loses puck.
17:25 of 2nd period - Snap shot by Cody Eakin.
17:25 of 2nd period - Stopped by Jaroslav Halak without a rebound.
17:26 of 2nd period - Cody Eakin wins face-off versus Henrik Zetterberg in Oilers zone.
17:44 of 2nd period - Slapshot by Brayden Schenn.
17:44 of 2nd period - Stopped by Jimmy Howard with a rebound.
17:54 of 2nd period - Nicklas Backstrom is hit by Patrick Maroon and loses puck.
18:22 of 2nd period - Wrist shot by Valtteri Filppula.
18:22 of 2nd period - Shot Blocked by Brayden McNabb.
18:24 of 2nd period - Slapshot by Roman Josi.
18:24 of 2nd period - Stopped by Jaroslav Halak without a rebound.
18:25 of 2nd period - Lars Eller wins face-off versus Patrice Bergeron in Oilers zone.
18:42 of 2nd period - Jason Demers is hit by Eric Fehr and loses puck.
18:46 of 2nd period - Icing by Jason Demers.
18:47 of 2nd period - Tomas Plekanec wins face-off versus Lars Eller in Oilers zone.
18:52 of 2nd period - Snap shot by Radim Vrbata.
18:52 of 2nd period - Shot Blocked by Andrew MacDonald.
19:09 of 2nd period - Minor Penalty to Tomas Plekanec for Tripping.
19:10 of 2nd period - David Desharnais wins face-off versus Evander Kane in Predators zone.
Goals for this period are 1 for Oilers vs 1 for Predators.
Shots for this period are 5 for Oilers vs 10 for Predators.

3rd period


0:01 of 3rd period - Evander Kane wins face-off versus Nicklas Backstrom in neutral zone.
1:09 of 3rd period - Penalty to Tomas Plekanec is over, Tomas Plekanec is back on ice.
1:15 of 3rd period - Evander Kane is hit by Brayden Schenn and loses puck.
1:38 of 3rd period - Snap shot by Valtteri Filppula.
1:38 of 3rd period - Shot Misses the Net.
1:56 of 3rd period - Snap shot by Trevor Lewis.
1:56 of 3rd period - Stopped by Jimmy Howard without a rebound.
1:57 of 3rd period - Ben Smith wins face-off versus David Desharnais in Predators zone.
2:02 of 3rd period - Darren Helm is hit by Ben Smith and loses puck.
2:15 of 3rd period - Ben Smith is hit by Brayden McNabb and loses puck.
2:40 of 3rd period - Minor Penalty to Brayden McNabb for Tripping.
2:41 of 3rd period - Nick Bonino wins face-off versus Patrice Bergeron in Oilers zone.
2:58 of 3rd period - Snap shot by Darren Helm.
2:58 of 3rd period - Stopped by Jimmy Howard without a rebound.
2:59 of 3rd period - Patrice Bergeron wins face-off versus Lars Eller in Predators zone.
3:24 of 3rd period - Snap shot by Radim Vrbata.
3:24 of 3rd period - Goal by Radim Vrbata - Oilers : 1 - Predators : 4.
3:25 of 3rd period - Henrik Zetterberg wins face-off versus Cody Eakin in neutral zone.
4:02 of 3rd period - Minor Penalty to Dan Boyle for Boarding.
4:03 of 3rd period - Tomas Plekanec wins face-off versus Nicklas Backstrom in Predators zone.
4:15 of 3rd period - Snap shot by Nicklas Backstrom.
4:15 of 3rd period - Shot Misses the Net.
4:17 of 3rd period - Slapshot by Ryan McDonagh.
4:17 of 3rd period - Shot Blocked by Dennis Seidenberg.
4:19 of 3rd period - Snap shot by Patrick Marleau.
4:19 of 3rd period - Shot Blocked by Nick Schultz.
4:25 of 3rd period - Snap shot by Henrik Zetterberg.
4:25 of 3rd period - Stopped by Jimmy Howard with a rebound.
4:27 of 3rd period - Slapshot by Patrick Marleau.
4:27 of 3rd period - Stopped by Jimmy Howard with a rebound.
4:29 of 3rd period - Slapshot by Ryan McDonagh.
4:29 of 3rd period - Stopped by Jimmy Howard without a rebound.
4:30 of 3rd period - Tomas Plekanec wins face-off versus David Desharnais in Predators zone.
4:42 of 3rd period - Minor Penalty to Jason Demers for Hooking.
4:43 of 3rd period - Nicklas Backstrom wins face-off versus Patrice Bergeron in Oilers zone.
4:55 of 3rd period - Wrist shot by Andrew Ladd.
4:55 of 3rd period - Shot Misses the Net.
5:37 of 3rd period - Ryan McDonagh is hit by Cody Eakin and loses puck.
6:02 of 3rd period - Penalty to Dan Boyle is over, Dan Boyle is back on ice.
6:02 of 3rd period - Dennis Seidenberg is hit by Andrew Ladd and loses puck.
6:39 of 3rd period - Lars Eller is hit by Eric Fehr and loses puck.
6:42 of 3rd period - Penalty to Jason Demers is over, Jason Demers is back on ice.
6:52 of 3rd period - Jason Demers is hit by Patrick Maroon and loses puck.
8:03 of 3rd period - Minor Penalty to Brayden McNabb for Slashing.
8:04 of 3rd period - Nick Bonino wins face-off versus Patrice Bergeron in Oilers zone.
10:03 of 3rd period - Penalty to Brayden McNabb is over, Brayden McNabb is back on ice.
10:06 of 3rd period - Wrist shot by Valtteri Filppula.
10:06 of 3rd period - Stopped by Jaroslav Halak without a rebound.
10:07 of 3rd period - Darren Helm wins face-off versus Patrice Bergeron in Oilers zone.
10:16 of 3rd period - Snap shot by Darren Helm.
10:16 of 3rd period - Shot Misses the Net.
10:34 of 3rd period - Andrew MacDonald is hit by Andrew Cogliano and loses puck.
11:37 of 3rd period - Niklas Hjalmarsson is hit by Patrick Maroon and loses puck.
11:48 of 3rd period - Wrist shot by Patrick Marleau.
11:48 of 3rd period - Deflect By Nicklas Backstrom.
11:48 of 3rd period - Shot Blocked by Dylan Olsen.
11:48 of 3rd period - Puck is out of play.
11:49 of 3rd period - Tomas Plekanec wins face-off versus Lars Eller in Predators zone.
12:02 of 3rd period - Wrist shot by Tomas Plekanec.
12:02 of 3rd period - Shot Misses the Net.
12:43 of 3rd period - Minor Penalty to Evander Kane for Slashing.
12:44 of 3rd period - Tomas Plekanec wins face-off versus Nicklas Backstrom in Predators zone.
12:49 of 3rd period - Icing by Henrik Zetterberg.
12:50 of 3rd period - Nicklas Backstrom wins face-off versus Tomas Plekanec in Oilers zone.
12:59 of 3rd period - Henrik Zetterberg is hit by Dennis Seidenberg and loses puck.
13:14 of 3rd period - Snap shot by Henrik Zetterberg.
13:14 of 3rd period - Stopped by Jimmy Howard with a rebound.
13:20 of 3rd period - Slapshot by Andrew Ladd.
13:20 of 3rd period - Shot Misses the Net.
13:34 of 3rd period - Slapshot by Brayden Schenn.
13:34 of 3rd period - Stopped by Jimmy Howard with a rebound.
13:36 of 3rd period - Slapshot by Ryan McDonagh.
13:36 of 3rd period - Shot Blocked by Dennis Seidenberg.
14:02 of 3rd period - Wrist shot by Nicklas Backstrom.
14:02 of 3rd period - Deflect By Henrik Zetterberg.
14:02 of 3rd period - Shot Misses the Net.
14:02 of 3rd period - Puck is out of play.
14:03 of 3rd period - Andrew Ladd wins face-off versus Patrice Bergeron in Predators zone.
14:04 of 3rd period - Snap shot by Nicklas Backstrom.
14:04 of 3rd period - Goal by Nicklas Backstrom - Oilers : 2 - Predators : 4.
14:05 of 3rd period - David Desharnais wins face-off versus Eric Fehr in neutral zone.
14:22 of 3rd period - Patrice Bergeron is hit by Darren Helm and loses puck.
14:56 of 3rd period - Patrick Marleau is hit by Ben Smith.
15:00 of 3rd period - Trevor Daley is hit by Nicklas Backstrom and loses puck.
15:21 of 3rd period - Ryan McDonagh is hit by Patrick Maroon and loses puck.
15:50 of 3rd period - Snap shot by Tomas Hertl.
15:50 of 3rd period - Shot Misses the Net.
16:15 of 3rd period - Evander Kane is hit by Niklas Hjalmarsson and loses puck.
16:28 of 3rd period - Slapshot by Henrik Zetterberg.
16:28 of 3rd period - Stopped by Jimmy Howard without a rebound.
16:29 of 3rd period - Henrik Zetterberg wins face-off versus Tomas Plekanec in Predators zone.
16:36 of 3rd period - Wrist shot by Brayden Schenn.
16:36 of 3rd period - Shot Misses the Net.
16:38 of 3rd period - Slapshot by Jason Demers.
16:38 of 3rd period - Deflect By Roman Josi.
16:38 of 3rd period - Stopped by Jimmy Howard with a rebound.
16:40 of 3rd period - Slapshot by Andrew MacDonald.
16:40 of 3rd period - Deflect By Henrik Zetterberg.
16:40 of 3rd period - Stopped by Jimmy Howard with a rebound.
16:42 of 3rd period - Slapshot by Jason Demers.
16:42 of 3rd period - Shot Blocked by Dennis Seidenberg.
16:44 of 3rd period - Snap shot by Nick Bonino.
16:44 of 3rd period - Stopped by Jimmy Howard with a rebound.
16:46 of 3rd period - Slapshot by Jason Demers.
16:46 of 3rd period - Shot Misses the Net.
16:48 of 3rd period - Slapshot by Jason Demers.
16:48 of 3rd period - Shot Blocked by Dennis Seidenberg.
16:50 of 3rd period - Snap shot by Brayden Schenn.
16:50 of 3rd period - Stopped by Jimmy Howard with a rebound.
17:13 of 3rd period - Icing by Patrice Bergeron.
17:14 of 3rd period - Patrice Bergeron wins face-off versus David Desharnais in Predators zone.
18:06 of 3rd period - Minor Penalty to Tomas Hertl for Interference.
18:07 of 3rd period - Tomas Plekanec wins face-off versus David Desharnais in Predators zone.
18:38 of 3rd period - Snap shot by Brayden Schenn.
18:38 of 3rd period - Stopped by Jimmy Howard without a rebound.
18:39 of 3rd period - Nicklas Backstrom wins face-off versus Patrice Bergeron in Predators zone.
19:12 of 3rd period - Snap shot by Henrik Zetterberg.
19:12 of 3rd period - Goal by Henrik Zetterberg - Oilers : 3 - Predators : 4.
19:13 of 3rd period - Nicklas Backstrom wins face-off versus Evander Kane in neutral zone.
19:22 of 3rd period - Oilers, Jaroslav Halak is pulled from the net.
Goals for this period are 2 for Oilers vs 1 for Predators.
Shots for this period are 15 for Oilers vs 2 for Predators.